 Dungeon Crawl Stone Soup version 0.29-a0-925-g0a7a3d12f8 (webtiles) character file.

Game seed: 5324335270094589131

130237 jlumianski the Warmonger (level 16, -10/114 HPs)
             Began as a Demonspawn Ice Elementalist on July 29, 2022.
             Was a High Priest of Okawaru.
             Killed from afar by an elemental wellspring (43 damage)
             ... with a torrent of water
             ... on level 1 of the Shoals on July 30, 2022.
             The game lasted 04:58:34 (37393 turns).

jlumianski the Warmonger (DsIE)                    Turns: 37393, Time: 04:58:35

Health: -10/114    AC: 32    Str: 18    XL:     16   Next: 52%
Magic:  27/32      EV: 15    Int: 24    God:    Okawaru [*****.]
Gold:   1177       SH:  5    Dex: 22    Spells: 11/39 levels left

rFire   + . .      SeeInvis .   B - +9 long sword "Uqeagroj" {venom, Will+ Str+5}
rCold   + . .      Faith    .   (no shield)
rNeg    + . .      Spirit   .   u - quicksilver dragon scales
rPois   .          Reflect  +   J - +2 helmet
rElec   .          Harm     .   q - scarf {rC+ rF+}
rCorr   .          Rampage  .   N - +2 pair of gloves {Dex+3}
Will    +++..                   O - +1 pair of boots of Liucle {rN+ Str+3}
Stlth   +.........              l - amulet of reflection
HPRegen 1.29/turn               c - +6 ring of dexterity
MPRegen 0.23/turn               C - +4 ring of protection

@: ice-armoured, engulfed (cannot breathe), very slow
A: rugged brown scales 2, foul stench 2, powered by death 3, demonic touch 2
a: Renounce Religion, Heroism, Finesse, Duel


You were on level 1 of the Shoals.
You worshipped Okawaru.
Okawaru was extremely pleased with you.
You visited 5 branches of the dungeon, and saw 25 of its levels.
You also visited: Bailey.

You collected 2553 gold pieces.
You spent 1376 gold pieces at shops.

Inventory:

Hand Weapons
 a - a +5 scimitar of flaming
 B - the +9 long sword "Uqeagroj" (weapon) {venom, Will+ Str+5}
   (Okawaru gifted it to you on level 13 of the Dungeon)

   It poisons the flesh of those it strikes.
   Str:       It affects your strength (+5).
   Will:      It increases your willpower.
 U - the +4 dagger of Zimukywy {vorpal, rPois rC+}
   (Okawaru gifted it to you on level 10 of the Dungeon)

   It inflicts extra damage upon your enemies.
   rC:        It protects you from cold.
   rPois:     It protects you from poison.
Missiles
 n - 5 datura-tipped darts
 r - 5 boomerangs of dispersal
 v - 2 throwing nets
 K - 24 boomerangs (quivered)
 R - 4 curare-tipped darts
Armour
 q - a scarf of resistance (worn)
 u - quicksilver dragon scales (worn)
 w - the +5 scale mail of the Carpenter {Will++ Regen+}
   (Okawaru gifted it to you on level 1 of the Shoals)

   Regen:     It increases your rate of health regeneration.
   Will:      It greatly increases your willpower.
 J - a +2 helmet (worn)
 N - a +2 pair of gloves of dexterity (worn)
 O - the +1 pair of boots of Liucle (worn) {rN+ Str+3}
   (Okawaru gifted it to you on level 14 of the Dungeon)

   Str:       It affects your strength (+3).
   rN:        It protects you from negative energy.
Magical Staves
 h - a staff of fire
Jewellery
 c - a +6 ring of dexterity (left hand)
 l - an amulet of reflection (around neck)
 p - a ring of resist corrosion
 y - a ring of ice
 C - a +4 ring of protection (right hand)
 G - a ring of wizardry
 Y - a ring of willpower
Wands
 x - a wand of digging (9)
 E - a wand of polymorph (5)
 H - a wand of mindburst (7)
 I - a wand of acid (9)
 M - a wand of paralysis (29)
 P - a wand of roots (18)
 S - a wand of flame (63)
Scrolls
 d - 2 scrolls of fear
 e - 5 scrolls of blinking
 k - 14 scrolls of teleportation
 o - 4 scrolls of poison
 A - 12 scrolls of identify
 F - 6 scrolls of magic mapping
 T - a scroll of enchant armour
Potions
 b - 2 potions of magic
 f - a potion of attraction
 g - 3 potions of flight
 i - 2 potions of haste
 j - 2 potions of berserk rage
 m - 3 potions of cancellation
 s - 3 potions of resistance
 t - 3 potions of brilliance
 z - 4 potions of heal wounds
 D - a potion of invisibility
 L - 4 potions of might
 Q - 4 potions of curing


   Skills:
 + Level 5.3 Fighting
 + Level 3.4(6.5) Short Blades
 + Level 8.7(9.0) Long Blades
 + Level 0.8 Throwing
 + Level 5.1 Armour
 + Level 6.1 Dodging
 + Level 4.5 Stealth
 - Level 1.1 Shields
 + Level 12.4 Spellcasting
 * Level 5.2 Conjurations
 * Level 5.1 Hexes
 * Level 10.6 Translocations
 - Level 11.4 Ice Magic
 * Level 14.0 Invocations
 * Level 10.5 Evocations


You had 11 spell levels left.
You knew the following spells:

 Your Spells              Type           Power      Damage    Failure   Level
a - Freeze                Ice            100%       1d11      1%          1
b - Frozen Ramparts       Ice            100%       1d12      1%          3
c - Ozocubu's Armour      Ice            63%        N/A       1%          3
d - Blink                 Tloc           100%       N/A       1%          2
e - Hailstorm             Conj/Ice       53%        3d12      2%          4
f - Ensorcelled Hibernat  Hex/Ice        100%       N/A       1%          2
g - Manifold Assault      Tloc           60%        N/A       2%          5
h - Dazzling Flash        Conj/Hex       78%        N/A       2%          3
i - Metabolic Englaciati  Hex/Ice        26%        N/A       6%          5

Your spell library contained the following spells:

 Spells                   Type           Power      Damage    Failure   Level
 Apportation              Tloc           100%       N/A       1%          1
 Slow                     Hex            100%       N/A       1%          1
 Lesser Beckoning         Tloc           60%        N/A       1%          3
 Portal Projectile        Hex/Tloc       100%       N/A       1%          3
 Foxfire                  Conj/Fire      100%       2x1d9     2%          1
 Shock                    Conj/Air       100%       1d9       2%          1
 Confusing Touch          Hex            39%        N/A       2%          3
 Ice Form                 Ice/Tmut       42%        N/A       6%          4
 Sandblast                Erth           28%        2d8       7%          1
 Sting                    Tmut/Pois      56%        1d5       7%          1
 Conjure Flame            Conj/Fire      27%        6-21      7%          3
 Inner Flame              Hex/Fire       27%        N/A       7%          3
 Stone Arrow              Conj/Erth      54%        3d10      7%          3
 Passwall                 Tmut/Erth      11%        N/A       11%         2
 Poisonous Vapours        Pois/Air       28%        N/A       11%         2
 Scorch                   Fire           28%        2d6       11%         2
 Sublimation of Blood     Necr           14%        N/A       11%         2
 Spider Form              Tmut/Pois      14%        N/A       21%         3
 Swiftness                Air            14%        N/A       21%         3
 Vampiric Draining        Necr           14%        2d7       21%         3
 Anguish                  Hex/Necr       13%        N/A       24%         4
 Flame Wave               Conj/Fire      27%        2d9       24%         4
 Leda's Liquefaction      Hex/Erth       13%        N/A       24%         4
 Ozocubu's Refrigeration  Ice            31%        4d11      47%         7
 Irradiate                Conj/Tmut      13%        3d16      54%         5
 Lightning Bolt           Conj/Air       13%        1d27      54%         5
 Silence                  Hex/Air        13%        N/A       54%         5
 Airstrike                Air            7%         0-3+      56%         4
 Olgreb's Toxic Radiance  Pois           14%        N/A       56%         4
 Petrify                  Tmut/Erth      14%        N/A       56%         4
 Agony                    Necr           14%        N/A       88%         5
 Alistair's Intoxication  Tmut/Pois      9%         N/A       88%         5
 Blade Hands              Tmut           7%         N/A       88%         5
 Statue Form              Tmut/Erth      9%         N/A       100%        6
 Dragon Form              Tmut           7%         N/A       100%        7
 Ignition                 Fire           7%         3d4       100%        8
 Lehudib's Crystal Spear  Conj/Erth      13%        10d5      100%        8
 Call Canine Familiar     Summ           Unusable   N/A       N/A         3
 Animate Armour           Summ/Erth      Unusable   N/A       N/A         4
 Summon Lightning Spire   Summ/Air       Unusable   N/A       N/A         4
 Simulacrum               Ice/Necr       Unusable   N/A       N/A         6
 Summon Cactus Giant      Summ           Unusable   N/A       N/A         6
 Dragon's Call            Summ           Unusable   N/A       N/A         9

Dungeon Overview and Level Annotations

Branches:
Dungeon (15/15)            Temple (0/1) D:6            Lair (5/5) D:8
 Shoals (2/4) Lair:2        Snake (1/4) Lair:2        Slime (0/5) Lair:5
    Orc (2/2) D:11            Elf (0/3) Orc:2        Vaults (0/5) D:14
 Depths (0/4) D:15         Bailey (visited)

Altars:
Ashenzari
Fedhas
Gozag
Nemelex Xobeh
Okawaru
Vehumet
Wu Jian
Xom
Jiyva

Shops:
D:4 :   D:11 [   D:14 =   Orc:1 (   Orc:2 *[=[?::   Shoals:1 !

Portals:
Trove: D:15 (give +3 storm dragon scales)

Annotations:
Snake:1 1 runed translucent door, ragingrage's ghost, adept GrAr


Innate Abilities, Weirdness & Mutations

You are mostly covered in rugged brown scales. (AC +2, +5% HP)
You sometimes emit foul miasma when damaged in melee.
You regenerate a lot of health from kills.
Your touch may inflict irresistible damage on your foes.


Message History

Your lungs strain for air!
The water elemental closely misses you. The water elemental hits you.
Your unstable footing causes you to fumble your attack.
Your lungs strain for air!
The water elemental hits you. The water elemental misses you.
You slash the water elemental!
The water elemental is almost destroyed.
Your lungs strain for air!
The water elemental barely misses you.
A torrent of water rises up through the elemental wellspring!
The torrent of water misses you.
The wave splashes down.
The water elemental closely misses you.
Aiming: Corrosive Bolt
Press: ? - help, Shift-Dir - straight line, f - water elemental, p - elemental wellspring
Aim: a water elemental (almost destroyed, 85% to hit)
The bolt of acid hits the water elemental!
The acid corrodes the water elemental!
You destroy the water elemental!
Okawaru accepts your kill.
You gasp with relief as air once again reaches your lungs.
The bolt of acid hits the water elemental!!
The acid corrodes the water elemental!
The water elemental is heavily damaged.
The water elemental completely misses you.
The water elemental hits you.
The water elemental engulfs you in water!
You hit the water elemental but do no damage.
Your touch misses the water elemental.
Your lungs strain for air!
The water elemental hits you. The water elemental hits you!
Unknown command.
You slash the water elemental!
You touch the water elemental!
The water elemental is almost destroyed.
Your lungs strain for air!
The water elemental hits you.
* * * LOW HITPOINT WARNING * * *
You emit a cloud of foul miasma!
The water elemental misses you.
A torrent of water rises up through the elemental wellspring!
The torrent of water hits you!!!
You die...

≈≈≈.....≈≈≈≈.....≈≈.##...........
≈≈≈..≈..≈≈≈≈≈≈≈########..........
≈≈......≈##...###≈#≈###≈.........
≈..##...###...≈≈≈≈≈≈≈##≈≈≈......#
≈.###..≈≈≈#≈≈≈.≈≈≈≈≈≈≈##≈≈≈..>...
≈..##.≈≈≈≈#≈≈≈≈≈.≈.≈≈.##≈≈≈≈≈≈..#
...###≈≈≈≈≈≈≈≈≈###≈≈≈≈≈##≈≈≈≈≈...
.....#≈≈≈≈#≈≈≈######≈≈≈≈#≈≈≈≈....
#...##≈≈≈≈######@≈≈#≈≈≈##≈≈≈.....
##...##≈≈####≈≈EEE≈≈≈≈≈≈#≈≈......
##.########.≈≈≈E≈≈##≈≈≈#.≈......
##.≈# #≈≈≈≈≈≈≈≈#≈≈≈.###........
.≈≈≈# ≈≈≈≈≈≈######### ##.......
≈≈≈## ≈≈≈≈≈# #....... ..## ≈≈≈≈#
#..##### ..# ≈### ##.....# ..#
#......##


You could see an elemental wellspring and 3 water elementals.

Vanquished Creatures
  Rupert (Lair:4)
  Mlioglotl (Shoals:1)
  Kirke (Shoals:1)
  A fire giant (D:15)
  A frost giant (D:15)
  Louise (Shoals:1)
  Snorg (D:11)
  2 merfolk impalers
  2 vault guards (Bailey)
  Erolcha (Orc:1)
  9 hydras
  An ice dragon (D:14)
  An anaconda (Snake:1)
  6 boulder beetles
  2 catoblepae (D:14)
  3 two-headed ogres
  2 centaur warriors
  Erica (D:8)
  An alligator (shapeshifter) (D:14)
  A death knight (D:13)
  A merfolk aquamancer (Shoals:1)
  2 naga warriors (Snake:1)
  9 death yaks
  Sonja (D:11)
  A shadow wraith (D:14)
  2 sea snakes (Shoals:1)
  A fire crab (shapeshifter) (D:14)
  A flayed ghost (D:15)
  8 orc knights
  3 wizards
  9 harpies
  A phantasmal warrior (D:14)
  3 fauns (Shoals:1)
  6 cyclopes
  2 deep elf pyromancers
  3 orc sorcerers
  23 ugly things
  10 manticores
  10 elephants
  A salamander (Snake:1)
  9 black mambas
  A naga mage (Snake:1)
  Maurice (D:8)
  7 merfolk sirens
  2 torpor snails (Lair:5)
  A gargoyle (D:13)
  A kobold demonologist (D:12)
  3 yaktaurs (D:15)
  23 cane toads
  7 rime drakes
  4 unseen horrors
  6 komodo dragons
  2 tengu conjurers
  An efreet (D:14)
  4 trolls
  2 wind drakes (Shoals:1)
  A hornet (Lair:3)
  3 polar bears
  9 merfolk
  A wind drake (shapeshifter) (D:12)
  A meliai (D:15)
  10 slime creatures (D:12)
  4 tyrant leeches
  Prince Ribbit (Bailey)
  3 dream sheep
  3 blink frogs (shapeshifter) (D:14)
  2 snapping turtles (Shoals:1)
  24 blink frogs
  A wraith (D:14)
  The ghost of quixfox the Digger, an amateur GrEE (D:4)
  12 wyverns
  3 spriggans
  A vampire (D:12)
  3 hogs (Shoals:1)
  6 humans (Bailey)
  10 basilisks
  28 yaks
  13 water elementals
  3 steam dragons
  23 vampire mosquitoes
  A swamp worm (shapeshifter) (D:14)
  2 nagas
  Menkaure (D:6)
  15 wargs
  2 acid dragons
  16 water moccasins
  2 sky beasts (D:7)
  38 orc warriors
  2 ice beasts
  5 black bears
  9 ogres
  9 wolves
  4 centaurs
  A boggart (D:14)
  2 kobold brigands
  A phantom (D:4)
  2 gnoll sergeants
  29 bullfrogs
  A scorpion (D:5)
  5 wights (D:8)
  3 killer bees (D:11)
  7 electric eels
  3 hounds
  3 gnoll boudas
  21 orc priests
  2 jellies
  4 iguanas
  Jessica (D:2)
  26 orc wizards
  7 hell rats
  25 gnolls
  9 adders
  2 shadow imps
  2 white imps
  An ufetubus (D:4)
  2 worms
  A dart slug (D:1)
  98 orcs
  7 ball pythons
  7 bats
  4 endoplasms
  A giant cockroach (D:3)
  10 goblins
  6 hobgoblins
  4 jackals (D:2)
  2 quokkas (D:2)
  3 training dummies (D:9)
  A frilled lizard (D:2)
  16 kobolds
  8 rats
809 creatures vanquished.

Vanquished Creatures (others)
  A wizard (D:14)
  42 fungi
  175 plants
  2 starspawn tentacles (Shoals:1)
  2 withered plants (Snake:1)
222 creatures vanquished.

Grand Total: 1031 creatures vanquished

Notes
Turn   | Place    | Note
-------+----------+-------------------------------------------
     0 | D:1      | jlumianski the Demonspawn Ice Elementalist began the quest
                  | for the Orb.
     0 | D:1      | Reached XP level 1. HP: 13/13 MP: 3/3
   202 | D:1      | Found a faded altar of an unknown god.
   281 | D:1      | Gained mutation: You regenerate a little health from kills.
                  | [demonic ancestry]
   281 | D:1      | Reached XP level 2. HP: 13/19 MP: 0/5
  1292 | D:2      | Gained mutation: Your touch may inflict minor irresistible
                  | damage on your foes. [demonic ancestry]
  1292 | D:2      | Reached XP level 3. HP: 24/24 MP: 4/6
  1318 | D:3      | Found a shimmering altar of Xom.
  1369 | D:3      | Learned a level 3 spell: Frozen Ramparts
  1500 | D:2      | Noticed Jessica
  1747 | D:2      | Killed Jessica
  1748 | D:2      | Gained mutation: You may rarely emit foul miasma when
                  | damaged in melee. [demonic ancestry]
  1748 | D:2      | Reached XP level 4. HP: 26/30 MP: 6/8
  2541 | D:3      | Learned a level 3 spell: Ozocubu's Armour
  2569 | D:3      | Reached skill level 1 in Armour
  2569 | D:3      | Reached XP level 5. HP: 24/35 MP: 1/9
  2879 | D:4      | Found Wafesiar's Book Emporium.
  2890 | D:5      | Entered Level 5 of the Dungeon
  2978 | D:3      | Reached skill level 5 in Ice Magic
  3313 | D:4      | Gained mutation: You are partially covered in rugged brown
                  | scales. (AC +1, +3% HP) [demonic ancestry]
  3313 | D:4      | Reached XP level 6. HP: 33/43 MP: 9/11
  3440 | D:4      | Found a runed translucent door.
  3471 | D:4      | Noticed quixfox's ghost (amateur GrEE)
  3555 | D:5      | Noticed an ice beast
  3581 | D:5      | Killed an ice beast
  3726 | D:4      | Reached skill level 1 in Short Blades
  3790 | D:4      | Gained mutation: You are mostly covered in rugged brown
                  | scales. (AC +2, +5% HP) [demonic ancestry]
  3790 | D:4      | Reached XP level 7. HP: 41/48 MP: 9/13
  3917 | D:4      | Learned a level 2 spell: Blink
  4052 | D:4      | Found a sparkling altar of Nemelex Xobeh.
  4431 | D:4      | Noticed a steam dragon
  4469 | D:4      | Killed a steam dragon
  4470 | D:4      | Reached skill level 1 in Fighting
  4470 | D:4      | Reached skill level 1 in Translocations
  4547 | D:4      | Killed quixfox's ghost
  4768 | D:5      | Reached skill level 5 in Spellcasting
  4768 | D:5      | Gained mutation: You regenerate health from kills. [demonic
                  | ancestry]
  4768 | D:5      | Reached XP level 8. HP: 23/56 MP: 10/15
  4910 | D:6      | Noticed Menkaure
  5390 | D:5      | Found an iron altar of Okawaru.
  5404 | D:5      | Became a worshipper of Warmaster Okawaru
  5675 | D:5      | Found a radiant altar of Vehumet.
  6495 | D:6      | Gained mutation: You sometimes emit foul miasma when
                  | damaged in melee. [demonic ancestry]
  6495 | D:6      | Reached XP level 9. HP: 63/63 MP: 9/17
  6700 | D:6      | Reached * piety under Okawaru
  6812 | D:6      | Found a staircase to the Ecumenical Temple.
  6822 | D:6      | Paralysed by a gnoll bouda for 2 turns
  6831 | D:6      | Reached skill level 1 in Invocations
  7379 | D:6      | Killed Menkaure
  7696 | D:7      | Reached skill level 1 in Evocations
  7832 | D:7      | Reached ** piety under Okawaru
  7833 | D:7      | Reached skill level 2 in Invocations
  7864 | D:7      | Found a blossoming altar of Fedhas.
  8483 | D:8      | Reached skill level 3 in Invocations
  8847 | D:8      | Found a staircase to the Lair.
  8906 | D:8      | Noticed Erica
  8922 | D:8      | Killed Erica
  8922 | D:8      | Reached *** piety under Okawaru
  8923 | D:8      | Reached XP level 10. HP: 50/70 MP: 20/20
  8953 | D:8      | Reached skill level 4 in Invocations
  9109 | D:8      | Noticed Maurice
  9117 | D:8      | Killed Maurice
  9117 | D:8      | Reached **** piety under Okawaru
  9143 | D:8      | Learned a level 4 spell: Hailstorm
  9353 | D:9      | Found an opulent altar of Gozag.
  9605 | D:9      | Learned a level 2 spell: Ensorcelled Hibernation
  9708 | D:9      | Found a broken altar of Ashenzari.
  9782 | D:9      | Found Lexofoh's Firing Range.
  9838 | D:9      | Reached skill level 5 in Invocations
  9956 | D:9      | Found a flagged portal.
  9984 | Bailey   | Entered a bailey
 10002 | Bailey   | Reached skill level 5 in Translocations
 10031 | Bailey   | Reached skill level 1 in Long Blades
 10044 | Bailey   | Reached ***** piety under Okawaru
 10149 | Bailey   | Noticed Prince Ribbit
 10166 | Bailey   | Killed Prince Ribbit
 10168 | Bailey   | Noticed a vault guard
 10186 | Bailey   | Killed a vault guard
 10186 | Bailey   | Received a gift from Okawaru
 10187 | Bailey   | Reached skill level 6 in Invocations
 10187 | Bailey   | Reached XP level 11. HP: 51/76 MP: 2/22
 10359 | Bailey   | Noticed a vault guard
 10370 | Bailey   | Killed a vault guard
 10371 | Bailey   | Reached skill level 5 in Evocations
 10751 | D:10     | Entered Level 10 of the Dungeon
 10832 | D:10     | Noticed a two-headed ogre
 10840 | D:10     | Killed a two-headed ogre
 11059 | D:10     | Noticed a two-headed ogre
 11065 | D:10     | Killed a two-headed ogre
 11065 | D:10     | Identified the +4 dagger of Zimukywy {vorpal, rPois rC+}
                  | (Okawaru gifted it to you on level 10 of the Dungeon)
 11065 | D:10     | Received a gift from Okawaru
 11066 | D:10     | Reached skill level 1 in Shields
 11628 | D:11     | Found Abar's Armour Shoppe.
 11735 | D:11     | Noticed a boulder beetle
 11742 | D:11     | Killed a boulder beetle
 11811 | D:11     | Reached skill level 7 in Invocations
 11959 | D:11     | Identified the +8 chain mail "Ycirch" {Dex+2} (Okawaru
                  | gifted it to you on level 11 of the Dungeon)
 11959 | D:11     | Received a gift from Okawaru
 12059 | D:11     | Found a staircase to the Orcish Mines.
 12059 | D:11     | Noticed Snorg
 12077 | D:11     | Killed Snorg
 12930 | D:12     | Noticed a purple ugly thing
 12943 | D:12     | Killed a purple ugly thing
 13037 | D:12     | Noticed a sixfirhy
 13038 | D:12     | Reached XP level 12. HP: 84/84 MP: 17/24
 13260 | D:13     | Reached skill level 8 in Invocations
 13840 | D:12     | Identified the +1 leather armour of the Modern Knaves
                  | {rCorr Str+2 Dex-4}
 14509 | D:14     | Noticed a boulder beetle
 14556 | D:14     | Killed a boulder beetle
 14617 | D:14     | Noticed a centaur warrior
 14640 | D:14     | HP: 2/85 [meliai/divine providence[a boggart] (15)]
 14879 | D:13     | Identified the +9 long sword "Uqeagroj" {venom, Will+
                  | Str+5} (Okawaru gifted it to you on level 13 of the
                  | Dungeon)
 14879 | D:13     | Received a gift from Okawaru
 14880 | D:13     | Noticed a death knight
 14882 | D:13     | Reached skill level 9 in Invocations
 15378 | Lair:1   | Entered Level 1 of the Lair of Beasts
 15488 | Orc:1    | Entered Level 1 of the Orcish Mines
 15488 | Orc:1    | Noticed Sonja
 15953 | D:11     | Killed Sonja
 15954 | D:11     | Reached skill level 10 in Ice Magic
 16056 | Orc:1    | Learned a level 5 spell: Manifold Assault
 16206 | Orc:1    | Noticed Erolcha
 16296 | Orc:1    | Killed Erolcha
 16399 | Orc:1    | Found Bepsim's Weapon Shoppe.
 16497 | Orc:2    | Entered Level 2 of the Orcish Mines
 16497 | Orc:2    | Found Voan's Jewellery Emporium.
 16754 | Orc:2    | Gained mutation: Your touch may inflict irresistible damage
                  | on your foes. [demonic ancestry]
 16754 | Orc:2    | Reached XP level 13. HP: 60/91 MP: 14/26
 16949 | Orc:2    | Reached skill level 5 in Long Blades
 17019 | Orc:2    | Reached ****** piety under Okawaru
 17377 | Orc:2    | Found Aprin's Armour Shoppe.
 17377 | Orc:2    | Found Zasolafarr's Magic Scroll Boutique.
 17392 | Orc:2    | Bought a scroll of enchant weapon for 112 gold pieces
 17417 | Orc:2    | Reached skill level 10 in Invocations
 17419 | Orc:2    | Found Ajoytuemm's Antique Armour Boutique.
 17453 | Orc:2    | Found Werig's Assorted Antiques.
 17463 | Orc:2    | Bought a runed lajatang for 360 gold pieces
 17463 | Orc:2    | Bought a scroll of enchant weapon for 150 gold pieces
 17698 | Orc:2    | Found a staircase to the Elven Halls.
 17828 | Orc:2    | Found Xukh's Book Shoppe.
 17852 | Orc:2    | Found Ygeisupy's Book Boutique.
 18108 | Orc:1    | Received a gift from Okawaru
 18181 | Orc:1    | Learned a level 3 spell: Dazzling Flash
 19044 | Lair:2   | Found a staircase to the Snake Pit.
 19367 | Lair:1   | Reached skill level 10 in Spellcasting
 19960 | Lair:3   | Reached skill level 5 in Dodging
 20206 | Lair:2   | Reached skill level 11 in Invocations
 20213 | Lair:2   | Reached XP level 14. HP: 59/99 MP: 4/28
 20213 | Lair:2   | Received a gift from Okawaru
 20351 | Lair:2   | Identified the +4 ring mail of Boredom {rElec rN+}
 20854 | Lair:2   | Found a staircase to the Shoals.
 22003 | Lair:3   | Found an ornate altar of the Wu Jian Council.
 22575 | Lair:5   | Entered Level 5 of the Lair of Beasts
 22618 | Lair:4   | Noticed Rupert
 22630 | Lair:4   | Killed Rupert
 22731 | Lair:4   | Learned a level 5 spell: Metabolic Englaciation
 24282 | Lair:4   | Reached skill level 12 in Invocations
 25049 | Lair:5   | Identified the +6 spear of Nypned {vorpal, *Slow rC+ Will+
                  | Int+2} (Okawaru gifted it to you on level 5 of the Lair of
                  | Beasts)
 25049 | Lair:5   | Received a gift from Okawaru
 26004 | Lair:5   | Reached XP level 15. HP: 71/106 MP: 16/30
 26137 | Lair:5   | Reached skill level 1 in Conjurations
 26269 | Lair:5   | Identified the -1 pair of gloves of the Bulwark {rN+ Str+3}
                  | (Okawaru gifted it to you on level 5 of the Lair of Beasts)
 26269 | Lair:5   | Received a gift from Okawaru
 26270 | Lair:5   | Reached skill level 1 in Hexes
 26620 | Lair:5   | Found the +4 skin of Zhor {*Englaciate rC+++ SInv}
 26726 | Lair:5   | Got the Parchment of Vexing Convocation
 26727 | Lair:5   | Identified the +0 halberd "Goblinbane" {drain, rN++}
 26974 | Lair:5   | Found a viscous altar of Jiyva.
 26974 | Lair:5   | Found a staircase to the Slime Pits.
 27195 | Lair:5   | 6
 27449 | Snake:1  | Entered Level 1 of the Snake Pit
 27515 | Snake:1  | Found a runed translucent door.
 27516 | Snake:1  | Noticed ragingrage's ghost (adept GrAr)
 28218 | D:15     | Entered Level 15 of the Dungeon
 28401 | D:15     | Found an ornate altar of the Wu Jian Council.
 28587 | D:14     | Reached skill level 13 in Invocations
 29318 | D:14     | Found Giled's Jewellery Boutique.
 29324 | D:14     | Bought a +4 ring of protection for 684 gold pieces
 29893 | D:14     | Reached skill level 5 in Fighting
 30101 | D:14     | Reached skill level 10 in Translocations
 30124 | D:14     | Identified the +1 pair of boots of Liucle {rN+ Str+3}
                  | (Okawaru gifted it to you on level 14 of the Dungeon)
 30124 | D:14     | Received a gift from Okawaru
 30242 | D:14     | Found a gate to the Vaults.
 30447 | D:15     | Identified the +11 short sword "Joatoywa" {vamp, Int+3}
 31318 | D:15     | Found a portal to a secret trove of treasure.
 31518 | D:15     | Reached skill level 10 in Evocations
 31700 | D:15     | Noticed a frost giant
 31942 | D:15     | Killed a frost giant
 32067 | D:15     | Gained mutation: You regenerate a lot of health from kills.
                  | [demonic ancestry]
 32067 | D:15     | Reached XP level 16. HP: 69/114 MP: 11/32
 32082 | D:15     | Identified the +3 scale mail of Winter {*Slow Dex+4}
 32360 | D:15     | Found a staircase to the Depths.
 33381 | Shoals:1 | Entered Level 1 of the Shoals
 33395 | Lair:2   | Reached skill level 5 in Armour
 33873 | Shoals:1 | Found Deckacsomn's Distillery.
 33927 | Shoals:1 | Bought a potion of heal wounds for 70 gold pieces
 35488 | Shoals:1 | Noticed Louise
 35513 | Shoals:1 | Killed Louise
 35526 | Shoals:1 | Received a gift from Okawaru
 35544 | Shoals:1 | Identified the +5 scale mail of the Carpenter {Will++
                  | Regen+} (Okawaru gifted it to you on level 1 of the Shoals)
 35544 | Shoals:1 | Received a gift from Okawaru
 35805 | Shoals:1 | Noticed Mlioglotl
 35808 | Shoals:1 | Noticed a tentacled starspawn
 35829 | Shoals:1 | Killed Mlioglotl
 36350 | Shoals:1 | Reached skill level 5 in Hexes
 36352 | Shoals:1 | Reached skill level 14 in Invocations
 37149 | Shoals:1 | Noticed Kirke
 37157 | Shoals:1 | Reached skill level 5 in Conjurations
 37167 | Shoals:1 | Killed Kirke
 37393 | Shoals:1 | Killed from afar by an elemental wellspring

Illustrated notes

### ######
##.#######
P#...####..##.P#@#
................##
.....###..##...##
.....# ######...##
..)..# ##...##
.....########.....#
...........##..####
.....#.#........#
......#.#.###P..#


Turn 27195 on Lair:5: 6

Levels and vault maps discovered:
D:1:      dpeg_arrival_rhombus, layout_loops_ring,
          shapermc_ecumenical_altar_mp_vishouse
D:2:      layout_basic, serial_bayou_pond_b, minmay_distorted, uniq_jessica
D:3:      layout_rooms, tso_metal_star, xom_teletrap_fun, reono_crystal_passage
D:4:      layout_basic, amethyst_overflow_temple_binary,
          ebering_ghost_reflecting_pool, serial_shops, nicolae_stop_n_shop_2
D:5:      layout_loops_cross, lemuel_crystal_altar, general_overflow_altar,
          kennysheep_generic_room_8
D:6:      layout_layer_cave, minmay_temple_entry_sparse_star, uniq_menkaure
D:7:      layout_basic, fedhas_altar_2, hangedman_decor_lopped
D:8:      layout_loops_cross, mainiacjoe_overflow_brackets,
          erik_lair_orcish_takeover, uniq_erica, uniq_maurice
D:9:      layout_grid_maze, mainiacjoe_overflow_alcove_1, lemuel_tele_altar,
          enter_bailey_5, hex_medium, nicolae_shop_firing_range
D:10:     layout_rooms
D:11:     layout_loops_ring, minmay_orc_entry_guard_dogs, serial_shops,
          nicolae_shop_waterfront, uniq_snorg
D:12:     layout_stronghold
D:13:     layout_rooms
D:14:     minmay_chambers_of_sevens, layout_rooms, david_vaults_4, serial_shops,
          nicolae_shop_hallway_plus, minmay_door_square
D:15:     grunt_enter_depths_giant_problem, layout_basic,
          nicolae_wu_jian_wuxing_cycle, enter_trove_2,
          minmay_fractal_squares_gapless_7
Lair:1:   layout_hall_layers
Lair:2:   layout_regular_city, elwin_shoals_entry_rooms,
          guppyfry_snake_entry_island
Lair:3:   wad_woods_stonehenge, layout_loops_ring,
          cheibrodos_lair_caveside_slide, st_stairs_12,
          grunt_forest_stairs_clearing, infiniplex_staircase_pool
Lair:4:   layout_long_grid, minmay_shattered_shrine, uniq_rupert
Lair:5:   minmay_lair_end_frog_pond, layout_regular_city,
          dpeg_slime_entry_enclosed, hellmonk_guarded_unrand_zhor
Shoals:1: layout_shoals, serial_shops, nicolae_shop_crystal,
          nicolae_shoals_raging_river, uniq_louise, uniq_mlioglotl, uniq_kirke
Shoals:2: layout_shoals, uniq_ilsuiw, uniq_polyphemus
Snake:1:  layout_onion_interference, gammafunk_ghost_grave, grunt_megastairs_3,
          minmay_shop_grove, serial_bayou_shore_a
Orc:1:    layout_caves, serial_shops, shop, guppyfry_library_mini, uniq_erolcha,
          uniq_sonja
Orc:2:    st_orc_town, layout_caves, serial_shops, nicolae_shop_behind_doors,
          shop, shop

Skill      XL: |  1  2  3  4  5  6  7  8  9 10 11 12 13 14 15 16 |
---------------+-------------------------------------------------+-----
Ice Magic      | 4 5 6 7 8 9 10 11 | 11.4
Stealth        | 2 3 4 |  4.5
Dodging        | 2 3 4 5 6 |  6.1
Spellcasting   | 3 4 5 6 7 8 9 10 11 12 | 12.4
Armour         | 1 2 3 4 5 |  5.1
Short Blades   | 1 2 3 |  3.4
Fighting       | 1 2 3 4 5 |  5.3
Translocations | 2 3 4 5 6 7 8 9 10 | 10.6
Invocations    | 3 6 7 9 11 12 13 14 | 14.0
Evocations     | 3 4 6 7 8 9 10 | 10.5
Long Blades    | 2 3 4 6 7 8 |  8.7
Shields        | 1 |  1.1
Conjurations   | 4 5 |  5.2
Hexes          | 4 5 |  5.1
Throwing       | |  0.8

Action                   |  1- 3 |  4- 6 |  7- 9 | 10-12 | 13-15 | 16-18 || total
-------------------------+-------+-------+-------+-------+-------+-------++-------
Melee: Dagger            |     5 |    31 |   118 |    23 |    20 |       ||   197
       Short sword       |     7 |    15 |    25 |    15 |       |       ||    62
       Touch             |     2 |     6 |    28 |    70 |   177 |    61 ||   344
       Punch             |       |     2 |     5 |     8 |    16 |     3 ||    34
       Scimitar          |       |       |       |   211 |   137 |    73 ||   421
       Long sword        |       |       |       |    68 |   760 |   255 ||  1083
Throw: Dart              |     1 |       |     5 |    12 |     1 |       ||    19
       Boomerang         |       |       |       |       |     6 |     2 ||     8
 Cast: Freeze            |    34 |     7 |     8 |     1 |     2 |       ||    52
       Frozen Ramparts   |     4 |    25 |    59 |    88 |   159 |    17 ||   352
       Ozocubu's Armour  |       |     7 |    41 |    67 |   118 |    26 ||   259
       Ensorcelled Hiber |       |       |       |     7 |     3 |       ||    10
       Hailstorm         |       |       |       |     8 |     8 |    13 ||    29
       Manifold Assault  |       |       |       |     1 |    49 |    33 ||    83
       Dazzling Flash    |       |       |       |       |    13 |     4 ||    17
       Metabolic Englaci |       |       |       |       |     6 |       ||     6
       Blink             |       |       |       |       |     4 |       ||     4
Invok: Heroism           |       |       |       |     6 |     8 |     3 ||    17
       Finesse           |       |       |       |     1 |     2 |     2 ||     5
Evoke: Wand              |       |       |     2 |     2 |     3 |     1 ||     8
  Use: Scroll            |       |     8 |     5 |    11 |     2 |     1 ||    27
       Potion            |       |       |     1 |     6 |     4 |     5 ||    16
 Stab: Sleeping          |     5 |     3 |     6 |     6 |     2 |     1 ||    23
       Invisible         |       |       |       |       |     3 |       ||     3
       Distracted        |       |       |       |       |       |     1 ||     1
Armor: Robe              |     5 |       |       |       |       |       ||     5
       Leather armour    |     1 |    40 |    69 |       |       |       ||   110
       Steam dragon scal |       |       |    19 |    92 |       |       ||   111
       Troll leather arm |       |       |       |   116 |    79 |       ||   195
       Quicksilver drago |       |       |       |       |   420 |   183 ||   603
Dodge: Dodged            |    21 |    54 |   152 |   266 |   634 |   237 ||  1364
Block: Other             |       |       |       |   112 |   246 |   100 ||   458
       Reflection        |       |       |       |     6 |    10 |     1 ||    17

Table legend: (Time is in decaauts)
 A = Elapsed time spent in this place.
 B = Non-inter-level travel time spent in this place.
 C = Inter-level travel time spent in this place.
 D = Time resting spent in this place.
 E = Time spent auto-exploring this place.
 F = Levels seen in this place.
 G = Mean time per level.
                   A        B        C        D        E       F      G
               +--------+--------+--------+--------+--------+-----+--------+
         Total |  37692 |  36252 |   1440 |   6539 |  15071 |  26 | 1449.7 |
       Dungeon |  21165 |  20131 |   1034 |   2936 |   9513 |  15 | 1411.0 |
          Lair |  10156 |   9753 |    403 |   2282 |   3658 |   5 | 2031.2 |
        Shoals |   3004 |   3004 |      0 |   1081 |    754 |   2 | 1502.0 |
     Snake Pit |    407 |    407 |      0 |     14 |    161 |   1 |  407.0 |
  Orcish Mines |   2477 |   2477 |      0 |    103 |    944 |   2 | 1238.5 |
        Bailey |    481 |    481 |      0 |    123 |     41 |   1 |  481.0 |
               +--------+--------+--------+--------+--------+-----+--------+

Top non-repeatable levels by time:
    D:14: 2968 daAuts
Shoals:1: 2862 daAuts
  Lair:2: 2620 daAuts
  Lair:4: 2510 daAuts
  Lair:5: 2053 daAuts
    D:11: 1962 daAuts
    D:12: 1938 daAuts
    D:15: 1702 daAuts
     D:5: 1638 daAuts
  Lair:3: 1613 daAuts
     D:8: 1434 daAuts
     D:4: 1384 daAuts
     D:6: 1370 daAuts
  Lair:1: 1357 daAuts
   Orc:2: 1339 daAuts
